cohdb
Replays
Latest Replays
All Replays
Popular Replays
Top Player Replays
Match Explorer
How It Works
Community
CoH3 Stats
Reddit
Sign in to upload your games and track your stats! →
Sign in with Steam
Match 42593484
Unlisted
Match 42593484
Overview
Messages
Build Orders
End
250 Light Carrier
Panzergrenadier Squad
Panzergrenadier Squad
Construct Light Support Kompanie
Selects Armored Support Battlegroup
Selects Salvage Kits
Fire Support Elements
Panzerjäger Squad
Veteran Squad Leaders
Flakvierling Half-track
le.IG 18 Support Gun Team
2.5-tonne Medical Truck
Construct Panzerarmee Kommand
Panzerpioneer Squad
Selects Veteran Gunners
Selects Panzer Storm
Walking Stuka Rocket Launcher
Panzergrenadier Squad
Panzergrenadier Squad
Panzergrenadier Squad
Walking Stuka Rocket Launcher
Panzerjäger Squad
Selects Stuka Dive Bomb
Stuka Dive Bomb
Walking Stuka Rocket Launcher
Walking Stuka Rocket Launcher
Assault Grenadier Squad
Assault Grenadier Squad
Stuka Dive Bomb
Walking Stuka Rocket Launcher
Paddex
jaegermeister
just a LLAMA
Zan'Ark
Catkovsky (Sam)
Abandoned
kurt0113
gUi
0
0
Comments
sign in to comment!
No comments posted yet!